 Dungeon Crawl Stone Soup version 0.28-a0-706-gf6f64a616a (webtiles) character file.

Game seed: 17135833410499467459

894 KoroneIsBestGirl the Chiller (level 7, 0/50 HPs)
             Began as a Demigod Ice Elementalist on Oct 24, 2021.
             Slain by a bullfrog skeleton (3 damage)
             ... on level 6 of the Dungeon.
             The game lasted 00:07:09 (7616 turns).

KoroneIsBestGirl the Chiller (DgIE)                 Turns: 7616, Time: 00:07:10

Health: 0/50       AC:  0    Str:  9    XL:     7   Next: 49%
Magic:  11/16      EV: 13    Int: 25    God:
Gold:   224        SH:  5    Dex: 14    Spells: 10/14 levels left

rFire   . . .      SeeInvis .   c - +0 dagger
rCold   . . .      Faith    .   f - +0 buckler
rNeg    . . .      Spirit   .   a - +0 robe
rPois   .          Reflect  .   r - +0 helmet
rElec   .          Harm     .   (no cloak)
rCorr   .          Rampage  .   l - +0 pair of gloves
Will    .....                   (no boots)
Stlth   ++........              (no amulet)
HPRegen 0.16/turn               (no ring)
MPRegen 0.15/turn               (no ring)

@: corroded, very slightly contaminated
A: high mp 1, forlorn
a: no special abilities


You were on level 6 of the Dungeon.
You visited 1 branch of the dungeon, and saw 6 of its levels.

You collected 224 gold pieces.

Inventory:

Hand Weapons
 c - a +0 dagger (weapon)
Armour
 a - a +0 robe (worn)
 f - a +0 buckler (worn)
 l - a +0 pair of gloves (worn)
 r - a +0 helmet (worn)
Scrolls
 b - 2 scrolls of teleportation {unknown}
 e - a scroll of torment
 g - 2 scrolls of enchant armour {unknown}
 h - 2 scrolls of immolation
 i - 2 scrolls of fear
 k - 2 scrolls of amnesia
 n - 2 scrolls of fog
 p - a scroll of vulnerability
 q - a scroll of summoning
Potions
 d - a potion of magic {unknown}
 j - a potion of ambrosia {unknown}
 m - a potion of curing {unknown}
 o - 2 potions of haste {unknown}


   Skills:
 + Level 4.3 Dodging
 - Level 1.7 Stealth
 - Level 4.0 Shields
 + Level 4.0 Spellcasting
 + Level 5.4 Ice Magic


You had 10 spell levels left.
You knew the following spells:

 Your Spells              Type           Power      Damage    Failure   Level
a - Freeze                Ice            100%       1d11      1%          1
b - Frozen Ramparts       Ice            64%        1d8       3%          3

Your spell library contained the following spells:

 Spells                   Type           Power      Damage    Failure   Level
 Ozocubu's Armour         Ice            32%        N/A       3%          3
 Dazzling Flash           Conj/Hex       10%        N/A       26%         3
 Hailstorm                Conj/Ice       18%        3d6       30%         4
 Agony                    Necr           5%         N/A       94%         5
 Silence                  Hex/Air        2%         N/A       94%         5


Dungeon Overview and Level Annotations

Branches:
Dungeon (5/15)             Temple (0/1) D:5


Innate Abilities, Weirdness & Mutations

Your attributes grow dramatically as you level up.
You have an increased reservoir of magic. (+10% MP)
You shall have no god before yourself.


Message History

Casting: Freeze (safe; 1% risk of failure)
Confirm with . or Enter, or press ? or * to list all spells.
Aiming: Freeze (safe; 1% risk of failure)
Press: ? - help, Shift-Dir - straight line, f/p - jelly
Aim: a jelly (moderately wounded)
You freeze the jelly.
The jelly is heavily wounded.
The bullfrog skeleton closely misses you.
The jelly closely misses you.
Casting: Freeze (safe; 1% risk of failure)
Confirm with . or Enter, or press ? or * to list all spells.
Aiming: Freeze (safe; 1% risk of failure)
Press: ? - help, Shift-Dir - straight line, f/p - jelly
Aim: a jelly (heavily wounded)
You freeze the jelly.
The jelly is severely wounded.
You block the bullfrog skeleton's attack.
The jelly hits you.
* * * LOW HITPOINT WARNING * * *
You are splashed with acid!
* * * LOW HITPOINT WARNING * * *
Casting: Freeze (safe; 1% risk of failure)
Confirm with . or Enter, or press ? or * to list all spells.
Aiming: Freeze (safe; 1% risk of failure)
Press: ? - help, Shift-Dir - straight line, f/p - jelly
Aim: a jelly (severely wounded)
You freeze the jelly.
The jelly is almost dead.
The bullfrog skeleton misses you. The jelly barely misses you.
The bullfrog skeleton hits you.
* * * LOW HITPOINT WARNING * * *
Casting: Freeze (safe; 1% risk of failure)
Confirm with . or Enter, or press ? or * to list all spells.
Aiming: Freeze (safe; 1% risk of failure)
Press: ? - help, Shift-Dir - straight line, f/p - jelly
Aim: a jelly (almost dead)
You miscast Freeze.
You are very lightly contaminated with residual magic.
Nothing appears to happen.
The bullfrog skeleton hits you.
You die...

.. ...........
#..#.........#
##.#.........#.
..............
.##..........#
.............##
.###............
.......ZJ.......
........@.......
...............
.###...........
#.............
#.#.$.........
##>.#.#.).........
........))........
..#######.........
####......


You could see a jelly and a bullfrog skeleton.

Vanquished Creatures
  A necrophage (D:5)
  An ogre (D:4)
  A phantom (D:5)
  A kobold brigand (D:6)
  A scorpion (D:4)
  A water moccasin skeleton (D:5)
  3 hounds
  An orc priest (D:3)
  A gnoll shaman (D:4)
  3 iguanas
  An orc wizard (D:3)
  2 hound skeletons (D:4)
  9 adders
  2 worms
  A dart slug (D:1)
  13 orcs
  5 ball pythons
  12 endoplasms
  6 giant cockroaches
  9 goblins
  10 hobgoblins
  3 jackals (D:4)
  9 kobolds
  6 quokkas
  5 bats
  A frilled lizard (D:1)
  10 rats
118 creatures vanquished.

Notes
Turn   | Place    | Note
-------+----------+-------------------------------------------
     0 | D:1      | KoroneIsBestGirl the Demigod Ice Elementalist began the
                  | quest for the Orb.
     0 | D:1      | Reached XP level 1. HP: 14/14 MP: 5/5
   406 | D:1      | Reached XP level 2. HP: 11/20 MP: 5/7
  1374 | D:2      | Reached skill level 4 in Ice Magic
  1409 | D:2      | Reached XP level 3. HP: 26/26 MP: 7/9
  1707 | D:2      | Learned a level 3 spell: Frozen Ramparts
  2291 | D:2      | Reached skill level 1 in Shields
  2919 | D:2      | Reached XP level 4. HP: 33/33 MP: 7/10
  3192 | D:3      | Noticed an angel
  3561 | D:3      | Reached XP level 5. HP: 34/38 MP: 0/12
  4738 | D:4      | Noticed an ogre
  4742 | D:4      | Killed an ogre
  4743 | D:4      | Reached XP level 6. HP: 27/45 MP: 6/13
  5665 | D:5      | Entered Level 5 of the Dungeon
  6005 | D:5      | Reached skill level 5 in Ice Magic
  6005 | D:5      | Reached XP level 7. HP: 39/48 MP: 3/15
  6158 | D:5      | Found a staircase to the Ecumenical Temple.
  7508 | D:5      | You fall into a shaft and drop 1 floor!
  7616 | D:6      | Slain by a bullfrog skeleton

Illustrated notes

Levels and vault maps discovered:
D:1:      elethiomel_arrival_diamonds, layout_basic
D:2:      layout_basic, shapermc_ecumenical_altar_ellora,
          chequers_serial_rivers_marsh
D:3:      layout_basic, grunt_temple_overflow_order_and_chaos_1
D:4:      layout_loops_ring, minmay_bent
D:5:      layout_basic, minmay_temple_entry_drinking_statues
D:6:      layout_rooms, trog_wizard, mainiacjoe_overflow_24_doors,
          minmay_ruined_shrine

Skill      XL: |  1  2  3  4  5  6  7 |
---------------+----------------------+-----
Dodging        | 2 3 4 |  4.3
Spellcasting   | 2 3 4 |  4.0
Ice Magic      | 4 5 |  5.4
Shields        | 1 2 4 |  4.0
Stealth        | |  1.7

Action                   |  1- 3 |  4- 6 |  7- 9 || total
-------------------------+-------+-------+-------++-------
Melee: Dagger            |    24 |    95 |    52 ||   171
       Unarmed           |     4 |       |       ||     4
 Cast: Freeze            |    63 |    81 |    26 ||   170
       Frozen Ramparts   |       |     7 |     3 ||    10
  Use: Scroll            |       |     6 |     1 ||     7
       Potion            |       |       |     1 ||     1
 Stab: Sleeping          |     1 |       |       ||     1
Armor: Robe              |    10 |    17 |    10 ||    37
Dodge: Dodged            |    49 |    80 |    30 ||   159
Block: Buckler           |     4 |    26 |    15 ||    45

Table legend: (Time is in decaauts)
 A = Elapsed time spent in this place.
 B = Non-inter-level travel time spent in this place.
 C = Inter-level travel time spent in this place.
 D = Time resting spent in this place.
 E = Time spent auto-exploring this place.
 F = Levels seen in this place.
 G = Mean time per level.
                   A        B        C        D        E       F      G
               +--------+--------+--------+--------+--------+-----+--------+
         Total |   7619 |   7487 |    132 |   1291 |   5383 |   6 | 1269.8 |
       Dungeon |   7619 |   7487 |    132 |   1291 |   5383 |   6 | 1269.8 |
               +--------+--------+--------+--------+--------+-----+--------+

Top non-repeatable levels by time:
     D:2: 1889 daAuts
     D:5: 1842 daAuts
     D:4: 1390 daAuts
     D:1: 1253 daAuts
     D:3: 1135 daAuts
     D:6: 107 daAuts
